 Dungeon Crawl Stone Soup version 0.22.1-2-g9c5b331383 (webtiles) character file.

187 Jynx the Covered (level 5, -2/33 HPs)
             Began as a Gargoyle Fighter on Jan 1, 2019.
             Slain by a gnoll
             ... wielding a +0 halberd
              (8 damage)
             ... on level 3 of the Dungeon.
             The game lasted 00:03:22 (2567 turns).

Jynx the Covered (Gargoyle Fighter)                 Turns: 2567, Time: 00:03:23

Health: -2/33      AC: 11    Str: 20    XL:     5   Next: 66%
Magic:  5/5        EV:  7    Int:  8    God:
Gold:   187        SH:  9    Dex: 10    Spells: 4/4 levels left

rFire    . . .     SeeInvis .   a - +0 flail
rCold    . . .     Gourm    .   c - +0 shield
rNeg     + . .     Faith    .   b - +0 scale mail
rPois    ∞         Spirit   .   (no helmet)
rElec    +         Reflect  .   (no cloak)
rCorr    .         Harm     .   (no gloves)
MR       .....                  (no boots)
Stlth    ..........             (no amulet)
HPRegen  0.11/turn              (no ring)
MPRegen  0.09/turn              (no ring)

@: no status effects
A: negative energy resistance 1, electricity resistance, unbreathing,
petrification resistance, rot immunity, AC +4
a: no special abilities


You were on level 3 of the Dungeon.
You were not hungry.

You visited 1 branch of the dungeon, and saw 3 of its levels.

You collected 187 gold pieces.

Inventory:

Hand Weapons
 a - a +0 flail (weapon)
Armour
 b - a +0 scale mail (worn)
 c - a +0 shield (worn)
Jewellery
 g - a +5 ring of protection {unknown}
Scrolls
 e - 3 scrolls of magic mapping {unknown}
 h - a scroll of blinking {unknown}
 j - 3 scrolls of teleportation {unknown}
 k - 2 scrolls of random uselessness {unknown}
 n - a scroll of fear {unknown}
 o - 3 scrolls of identify {unknown}
 p - 3 scrolls of remove curse {unknown}
 r - 2 scrolls of noise {unknown}
Potions
 d - a potion of might
 i - 2 potions of heal wounds {unknown}
 l - a potion of berserk rage {unknown}
 m - 4 potions of curing {unknown}
 q - a potion of mutation {unknown}
 t - a potion of brilliance {unknown}
Comestibles
 f - 8 rations
 s - 2 chunks of flesh


   Skills:
 + Level 4.2 Fighting
 * Level 3.8 Maces & Flails
 + Level 4.2 Armour
 + Level 4.1 Shields


You had 4 spell levels left.
You didn't know any spells.
Your spell library was empty.

Dungeon Overview and Level Annotations

Branches:
Dungeon (3/15)

Altars:
Fedhas
Makhleb
Uskayaw
Vehumet
Wu Jian
Yredelemnul
Zin


Innate Abilities, Weirdness & Mutations

You are resistant to torment.
Your stone body is resilient. (AC +4)
You are immune to poison.
You resist negative energy. (rN+)
You are resistant to electric shocks. (rElec)
You can survive without breathing.
You are immune to petrification.
You are immune to rotting.


Message History

The hobgoblin hits you but does no damage.
The gnoll hits you from afar with a halberd!
* * * LOW HITPOINT WARNING * * *
You barely miss the hobgoblin. The hobgoblin hits you with a club.
* * * LOW HITPOINT WARNING * * *
You block the gnoll's attack.
You hit the hobgoblin.
The hobgoblin is almost dead.
The hobgoblin barely misses you.
The gnoll hits you from afar with a halberd.
* * * LOW HITPOINT WARNING * * *
You thump the hobgoblin!
You kill the hobgoblin!
You block the gnoll's attack. The gnoll closely misses you.
Items here: ))) † a club x2; a spear; a gnoll corpse Your shield prevents you from hitting the gnoll.
The gnoll hits you with a halberd!
You die...

≈≈≈≈≈≈≈≈≈≈≈≈≈≈≈≈≈≈≈≈≈≈≈≈≈≈≈≈≈≈≈≈≈
≈≈≈≈≈≈≈≈≈≈≈≈≈≈≈≈≈≈≈≈≈≈≈≈≈≈≈≈≈≈≈≈≈
≈≈.≈≈≈.≈≈≈≈≈≈≈≈≈.≈≈≈......≈≈≈≈≈≈≈
..)..............................
......................÷..........
.....##.#########.#.####.####.#.#
..).....#...## #...# #........#
...(.........#####.## #######..#
...............g@).# ##.##
.....)........############ #..#
...<.((.......####.......####.##
..............##...#.#.#......#
..#.(.(.#...#.............#####
.........##.####...#.#.#..#
.........##..# #.........##
.(...........###...#.#.#.#
..........##..##.........#


You could see a gnoll.

Vanquished Creatures
  An orc priest (D:2)
  3 gnolls (D:3)
  5 adders
  An ooze (D:2)
  2 worms
  A leopard gecko (D:1)
  7 orcs
  5 bats
  A giant cockroach (D:3)
  13 goblins
  7 hobgoblins
  4 jackals (D:1)
  2 quokkas
  2 frilled lizards (D:1)
  8 kobolds
  4 rats
66 creatures vanquished.

Notes
Turn   | Place    | Note
-------+----------+-------------------------------------------
     0 | D:1      | Jynx the Gargoyle Fighter began the quest for the Orb.
     0 | D:1      | Reached XP level 1. HP: 14/14 MP: 1/1
   212 | D:1      | Reached XP level 2. HP: 14/19 MP: 2/2
   881 | D:2      | Reached XP level 3. HP: 13/23 MP: 3/3
  1111 | D:2      | Found an ornate altar of the Wu Jian Council.
  1475 | D:2      | Reached XP level 4. HP: 29/29 MP: 4/4
  1516 | D:2      | Found a hide-covered altar of Uskayaw.
  1519 | D:2      | Found a basalt altar of Yredelemnul.
  1522 | D:2      | Found a radiant altar of Vehumet.
  1973 | D:3      | Found a burning altar of Makhleb.
  1979 | D:3      | Found a glowing silver altar of Zin.
  1979 | D:3      | Noticed an angel
  1979 | D:3      | Noticed a green death
  2087 | D:3      | Reached XP level 5. HP: 33/33 MP: 5/5
  2222 | D:3      | Found a blossoming altar of Fedhas.
  2567 | D:3      | Slain by a gnoll

Skill      XL: |  1  2  3  4 |
---------------+-------------+-----
Maces & Flails | 3 |  3.8
Armour         | 4 |  4.2
Shields        | 4 |  4.1
Fighting       | 4 |  4.2

Action                   |  1- 3 |  4- 6 || total
-------------------------+-------+-------++-------
Melee: Flail             |   143 |   153 ||   296
  Eat: Chunk             |     2 |     4 ||     6
Armor: Scale mail        |    71 |    90 ||   161
Dodge: Dodged            |    67 |    54 ||   121
Block: Shield            |    97 |    91 ||   188
